 Dungeon Crawl Stone Soup version 0.29-a0-284-gf9362112df (webtiles) character file.

Game seed: 16646111955236053929

11 spaghetti the Magician (level 2, 0/21 HPs)
             Began as a Djinni Summoner on Mar 26, 2022.
             Was a Plaything of Xom.
             Slain by a river rat (2 damage)
             ... on level 3 of the Dungeon.
             The game lasted 00:01:09 (620 turns).

spaghetti the Magician (Djinni Summoner)             Turns: 620, Time: 00:01:09

Health: 0/21       AC:  2    Str:  4 (7)  XL:     2   Next: 40%
Gold:   0          EV: 12    Int: 13 (16) God:    Xom [..*...] SH:  0 Dex: 11 (13)

rFire   + + .      SeeInvis .   e - staff of death {!astaff}
rCold   x . .      Faith    .   (no shield)
rNeg    + . .      Spirit   .   a - +0 robe
rPois   ∞          Reflect  .   (no helmet)
rElec   .          Harm     .   (no cloak)
rCorr   .          Rampage  .   (no gloves)
Will    .....                   (boots unavailable)
Stlth   ++........              (no amulet)
HPRegen 0.07/turn               (no ring)
MPRegen 0.00/turn               (no ring)

@: flying
A: sickness immunity, fire resistance 2, cold vulnerability 1, float, innate
caster, HP casting, extra vitality 1
a: Renounce Religion


You were on level 3 of the Dungeon.
You worshipped Xom.
You were a toy of Xom.
You visited 1 branch of the dungeon, and saw 3 of its levels.


Innate Abilities, Weirdness & Mutations

You are immune to sickness and miasma.
You are immune to poison.
Your flesh is very heat resistant. (rF++)
You are vulnerable to cold. (rC-)
You float through the air rather than walking.
You learn spells naturally, not from books.
Your magical power is your life essence.
You have superior vitality. (+4 MHP)


   Skills:
 - Level 2.1 Dodging
 - Level 1.5 Stealth
 + Level 3.6 Spellcasting


You couldn't memorise any spells.
You knew the following spells:

 Your Spells              Type           Power      Damage    Failure   Level
a - Summon Small Mammal   Summ           48%        N/A       4%          1
b - Call Imp              Summ           12%        N/A       7%          2
c - Call Canine Familiar  Summ           12%        N/A       14%         3
d - Summon Guardian Gole  Hex/Summ       12%        N/A       14%         3
e - Summon Lightning Spi  Summ/Air       12%        N/A       43%         4
Your spell library was empty.

Inventory:

Hand Weapons
 d - a +0 short sword {short}
   (You took it off a kobold on level 1 of the Dungeon)
Armour
 a - a +0 robe (worn)
Magical Staves
 e - a staff of death (weapon) {!astaff}
   (You found it on level 2 of the Dungeon)

Dungeon Overview and Level Annotations

Branches:
Dungeon (3/15)

Altars:
Xom

### ... #.# ..
#.#######.#
#.... ....#
#..# ...
#<.###.#### #
#.@.......#..
#..r........#
##.....≈.....#
#..≈.≈≈≈≈≈...#
#.≈≈#≈#≈######
#.≈≈≈≈≈≈≈≈
...########≈#
#### #


You could see a river rat.


Message History

You take 2 damage, and now have 13/21 hp.
You barely miss the rat. The rat closely misses you.
The dart slug launches a dart at you. The slug dart misses you.
You closely miss the rat. The rat bites you. 😮 HP[-2]
You take 2 damage, and now have 11/21 hp.
You closely miss the rat. The rat misses you.
You hit the rat. The rat bites you but does no damage.
You closely miss the rat. The rat misses you.
The dart slug launches a dart at you. The slug dart hits you.
* * * LOW HITPOINT WARNING * * *
😨 HP[-3]
You take 3 damage, and now have 8/21 hp.
You hit the rat.
You kill the rat!
e - a staff of death (weapon)
{!astaff} The dart slug launches a dart at you.
The slug dart misses you. 😨 HP[+1] Really attack while wielding your staff of death {!astaff}? [Y]es or [N]o only, please.
Really attack while wielding your staff of death {!astaff}? [Y]es or [N]o only, please.
Really attack while wielding your staff of death {!astaff}?
You hit the dart slug. The dart slug misses you.
You hit the dart slug. The dart slug misses you.
You hit the dart slug but do no damage. The dart slug misses you.
Casting: Summon Small Mammal (safe; 4% risk of failure)
Confirm with . or Enter, or press ? or * to list all spells.
* * * LOW HITPOINT WARNING * * *
The dart slug bites you but does no damage. 😨 HP[-1]
You take 1 damage, and now have 8/21 hp.
Casting: Summon Small Mammal (safe; 4% risk of failure)
Confirm with . or Enter, or press ? or * to list all spells.
* * * LOW HITPOINT WARNING * * *
Your bat hits the dart slug but does no damage. x2 😨 HP[-1]
You take 1 damage, and now have 7/21 hp.
You hit the dart slug. Your bat hits the dart slug. The dart slug bites you.
* * * LOW HITPOINT WARNING * * *
Your rat bites the dart slug. 😱 HP[-3]
You take 3 damage, and now have 4/21 hp.
You hit the dart slug. Your bat hits the dart slug.
The dart slug dies!
You start resting.
Your bat disappears in a puff of smoke!
You feel less stealthy. "See what I see, my child!"
You feel aware of your surroundings. 😨 HP[+2]
You regained 2 hp, and now have 6/21 hp.
You start resting.
Your rat disappears in a puff of smoke! 😎 HP[+15]
Your hp is fully restored (21).
There is a stone staircase leading down here.
You fly downwards.
You hear the sound of rushing water.
There is an entrance to a sewer on this level.
Hurry and find it before the portal rusts away!
You hear the brisk rusting of a drain nearby.
There is a stone staircase leading up here.
A river rat comes into view.
A river rat is nearby!
A river rat is nearby!
The river rat bites you. 😕 HP[-1]
You take 1 damage, and now have 20/21 hp.
You hit the river rat but do no damage. The river rat barely misses you.
You closely miss the river rat. The river rat barely misses you.
You closely miss the river rat. The river rat bites you.
The river rat bites you!
* * * LOW HITPOINT WARNING * * *
You are too injured to fight recklessly! 😨 HP[-13]
You take 13 damage, and now have 7/21 hp.
MASSIVE DAMAGE!! (PAUSE) It was a potion of degeneration.
There was something very wrong with that liquid.
You feel weakened.
You feel dopey.
You feel clumsy. The river rat bites you.
* * * LOW HITPOINT WARNING * * *
😱 HP[-6]
You take 6 damage, and now have 1/21 hp.
MASSIVE DAMAGE!! (PAUSE)
Okay, then.
You hit the river rat but do no damage. The river rat misses you. 😱 HP[+1]
The river rat attacks as you move away! The river rat barely misses you.
You aren't carrying any items that you can evoke.
You aren't carrying any potions.
As you read the scroll labelled ASTREYCV XOSTRI, it crumbles to dust.
You hear a loud clanging noise!
It was a scroll of noise.
You hear an angry hiss. x2; You hear a shout!
You hear an angry hiss.
The river rat bites you.
You die...

Action                   || total
-------------------------++-------
Melee: Unarmed           ||    11
       Staff             ||     9
 Cast: Summon Small Mamm ||    16
  Use: Scroll            ||     1
       Potion            ||     1
Armor: Robe              ||     5
Dodge: Dodged            ||    25

Levels and vault maps discovered:
D:1:      dpeg_arrival_rooms_with_view, layout_basic,
          hellmonk_ecumenical_altar_leap_of_faith, serial_bayou_lake_a
D:2:      layout_loops_ring, basic_altar, skrybe_limestone_x,
          minmay_misc_feat_tiny, minmay_diced_spiral
D:3:      minmay_diamond_boxcup, layout_loops_ring,
          nicolae_ru_great_annihilating_truth, lightli_sewer_entry_pipes,
          serial_shops, nicolae_shop_hallway_plus, shop, shop,
          nicolae_shop_waterfront, nicolae_shop_waterfront,
          minmay_misc_feat_columns, uniq_ijyb

Notes
Turn   | Place    | Note
-------+----------+-------------------------------------------
     0 | D:1      | spaghetti the Djinni Summoner began the quest for the Orb.
     0 | D:1      | Reached XP level 1. HP: 15/15 MP: 0/0
     0 | D:1      | magus.rc [v1.9.6]
   153 | D:1      | Found a faded altar of an unknown god.
   242 | D:1      | Prayed at the altar of an unknown god.
   242 | D:1      | Became a worshipper of Xom of Chaos
   275 | D:1      | XOM: divination: detect items
   323 | D:1      | You are sucked into a shaft and drop 1 floor!
   342 | D:3      | XOM: stealth player
   352 | D:3      | Reached XP level 2. HP: 16/21 MP: 0/0
   369 | D:2      | HP: 4/21 [dart slug (3)]
   395 | D:2      | XOM: divination: magic mapping
   615 | D:3      | HP: 1/21 [river rat (6)]
   620 | D:3      | Slain by a river rat

Vanquished Creatures
  A rat (D:2)
1 creature vanquished.

Vanquished Creatures (collateral kills)
  A worm (D:3)
  A dart slug (D:2)
  A giant cockroach (D:1)
  A hobgoblin (D:1)
  A bat (D:1)
  A kobold (D:1)
  A rat (D:3)
7 creatures vanquished.

Vanquished Creatures (others)
  3 plants (D:1)
3 creatures vanquished.

Grand Total: 11 creatures vanquished

Table legend:
 A = Non-vault XP
 B = Vault XP
 C = Vault XP percentage of total XP
 D = Non-vault monster count
 E = Vault monster count
 F = Vault count percentage of total count
                 A         B        C        D         E       F
            +---------+---------+-------+---------+---------+-------
      Total |       8 |       9 |  52.9 |       4 |       4 |  50.0
            +---------+---------+-------+---------+---------+-------
        D:1 |       4 |       2 |  33.3 |       3 |       1 |  25.0
        D:2 |       4 |       1 |  20.0 |       1 |       1 |  50.0
        D:3 |       0 |       6 | 100.0 |       0 |       2 | 100.0
            +---------+---------+-------+---------+---------+-------

Illustrated notes

Table legend:
 A = Kills in this place as a percentage of kills in entire the game.
 B = Kills by you in this place as a percentage of kills by you in the entire game.
 C = Kills by friends in this place as a percentage of kills by friends in the entire game.
 D = Other kills in this place as a percentage of other kills in the entire game.
 E = Experience gained in this place as a percentage of experience gained in the entire game.
 F = Experience gained in this place divided by the number of levels of this place that you have seen.
                   A       B       C       D       E      F
               +-------+-------+-------+-------+-------+----------------------
         Total | 100.0 | 100.0 | 100.0 |   N/A | 100.0 |   5.7
       Dungeon | 100.0 | 100.0 | 100.0 |   N/A | 100.0 |   5.7
               +-------+-------+-------+-------+-------+----------------------

Table legend: (Time is in decaauts)
 A = Elapsed time spent in this place.
 B = Non-inter-level travel time spent in this place.
 C = Inter-level travel time spent in this place.
 D = Time resting spent in this place.
 E = Time spent auto-exploring this place.
 F = Levels seen in this place.
 G = Mean time per level.
                   A        B        C        D        E       F      G
               +--------+--------+--------+--------+--------+-----+--------+
         Total |    621 |    621 |      0 |    246 |    248 |   3 |  207.0 |
       Dungeon |    621 |    621 |      0 |    246 |    248 |   3 |  207.0 |
               +--------+--------+--------+--------+--------+-----+--------+

Top non-repeatable levels by time:
     D:1: 323 daAuts
     D:2: 271 daAuts
     D:3: 27 daAuts
